 Dungeon Crawl Stone Soup version 0.20.1-1-g8b1a95d (webtiles) character file.

73 theAP the Grave Robber (level 4, -1/24 HPs)
             Began as a Deep Elf Necromancer on Sept 14, 2017.
             Slain by a worm (12 damage)
             ... on level 2 of the Dungeon.
             The game lasted 00:04:29 (2035 turns).

theAP the Grave Robber (Deep Elf Necromancer)       Turns: 2035, Time: 00:04:30

Health: -1/24      AC:  3    Str:  5    XL:     4   Next: 8%
Magic:  5/12       EV: 13    Int: 21    God:
Gold:   107        SH:  0    Dex: 15    Spells: 8/12 levels left

rFire    . . .     SeeInvis .   (no weapon)
rCold    . . .     Gourm    .   (no shield)
rNeg     . . .     Faith    .   a - +1 robe
rPois    .         Spirit   .   (no helmet)
rElec    .         Reflect  .   (no cloak)
rCorr    .         Harm     .   (no gloves)
MR       .....                  (no boots)
Stlth    ++........             (no amulet)
Regen    0.1/turn               (no ring)
MPRegen  0.2/turn               (no ring)

@: no status effects
A: no striking features
a: no special abilities


You were on level 2 of the Dungeon.
You were not hungry.

You visited 1 branch of the dungeon, and saw 2 of its levels.

You collected 107 gold pieces.

Inventory:

Armour
 a - a +1 robe (worn)
Scrolls
 e - a scroll of teleportation
 f - a scroll of magic mapping
 j - a scroll of remove curse
Potions
 d - 4 potions of curing
 g - a potion of berserk rage
 h - a potion of degeneration {unknown}
 k - a potion of resistance
 n - a potion of haste
Books
 b - a book of Necromancy

   Spells                             Type                      Level
   a - Pain                           Necromancy                   1
   b - Animate Skeleton               Necromancy                   1
   c - Vampiric Draining              Necromancy                   3
   d - Regeneration                   Charms/Necromancy            3
   e - Animate Dead                   Necromancy                   4
   f - Control Undead                 Necromancy                   4
Comestibles
 c - a bread ration
 i - 2 chunks of flesh
 l - a meat ration


   Skills:
 - Level 2.4 Dodging
 - Level 2.4 Stealth
 + Level 4.6 Spellcasting
 + Level 5.9 Necromancy


You had 8 spell levels left.
You knew the following spells:

 Your Spells              Type           Power        Failure   Level  Hunger
a - Pain                  Necr           ####         1%          1    None
b - Vampiric Draining     Necr           ####......   3%          3    ##.....


Dungeon Overview and Level Annotations

Branches:
Dungeon (2/15)

Altars:


Message History

Casting: Pain
Confirm with . or Enter, or press ? or * to list all spells.
Aiming: Pain
Press: ? - help, Shift-Dir - straight line, f/p - worm
Aim: a worm (moderately wounded, chance to defeat MR: 89%)
The worm writhes in agony!
Casting: Pain
Confirm with . or Enter, or press ? or * to list all spells.
Aiming: Pain
Press: ? - help, Shift-Dir - straight line, f/p - worm
Aim: a worm (heavily wounded, chance to defeat MR: 89%)
The worm barely resists.
The worm completely misses you.
Casting: Pain
Confirm with . or Enter, or press ? or * to list all spells.
Aiming: Pain
Press: ? - help, Shift-Dir - straight line, f/p - worm
Aim: a worm (heavily wounded, chance to defeat MR: 89%)
The worm writhes in agony!
The worm bites you!
Ouch! That really hurt!
You die...

#†.......###....#.#..#.#†..
#..........######..##..'...
#...........### #..##.['...
#........#....# #.#..#.#...
#>.......###..# #......###.
##........###.##########...
#........###..###..)......
#.......w#.....[.†###..###
#........@.#.####...<..###
#........###.#######......
#........# #.##...........
#........###....######.#..
#...(....##...#### #.#..
#.>....<.##......## ##.#.#
#........##.####..# #..#..
#####.#####.#####.# #.###.
#..* #......#.###.# ##


You could see a worm.

Vanquished Creatures
  An ooze (D:1)
  2 worms (D:2)
  A dart slug (D:1)
  5 leopard geckos
  A ball python (D:1)
  A giant cockroach (D:1)
  8 goblins
  6 hobgoblins
  5 jackals (D:1)
  2 kobolds
  3 quokkas (D:2)
  7 bats
  3 frilled lizards
  4 rats
49 creatures vanquished.

Notes
Turn   | Place    | Note
-------+----------+-------------------------------------------
     0 | D:1      | theAP the Deep Elf Necromancer began the quest for the Orb.
     0 | D:1      | Reached XP level 1. HP: 10/10 MP: 6/6
   141 | D:1      | Reached skill level 5 in Necromancy
   241 | D:1      | Reached XP level 2. HP: 10/15 MP: 2/8
   827 | D:1      | Reached XP level 3. HP: 16/19 MP: 4/10
  1621 | D:2      | Learned a level 3 spell: Vampiric Draining
  1927 | D:2      | Reached XP level 4. HP: 22/24 MP: 10/12
  2035 | D:2      | Slain by a worm

Skill      XL: |  1  2 |
---------------+-------+-----
Necromancy     | 5 |  5.9
Spellcasting   | 4 |  4.6
Dodging        | |  2.4
Stealth        | |  2.4

Action                   |  1- 3 |  4- 6 || total
-------------------------+-------+-------++-------
Melee: Unarmed           |     2 |       ||     2
 Cast: Pain              |    72 |    16 ||    88
  Use: Scroll            |     9 |       ||     9
  Eat: Chunk             |     3 |       ||     3
Armor: Robe              |     2 |       ||     2
Dodge: Dodged            |     6 |     1 ||     7
